 Dungeon Crawl Stone Soup version 0.29-b1-12-g9e2288ab2a (webtiles) character file.

Game seed: 9937412964520025804

104 n00bmints the Shield-Bearer (level 4, -5/40 HPs)
             Began as a Minotaur Fighter on Aug 24, 2022.
             Was a Believer of Fedhas.
             Slain by Crazy Yiuf
             ... wielding a +2 quarterstaff of chaos
              (15 damage)
             ... on level 3 of the Dungeon.
             The game lasted 00:11:47 (1654 turns).

n00bmints the Shield-Bearer (Minotaur Fighter)      Turns: 1654, Time: 00:11:53

Health: -5/40      AC:  0    Str: 22    XL:     4   Next: 52%
Magic:  3/3        EV: 11    Int:  5    God:    Fedhas [**....]
Gold:   152        SH:  4    Dex: 10    Spells: 3/3 levels left

rFire   . . .      SeeInvis .   a - +0 war axe
rCold   . . .      Faith    +   c - +0 buckler
rNeg    . . .      Spirit   .   (no body armour)
rPois   .          Reflect  .   (helmet restricted)
rElec   .          Harm     .   (no cloak)
rCorr   .          Rampage  .   (no gloves)
Will    .....                   (no boots)
Stlth   +.........              j - amulet of faith
HPRegen 0.13/turn               (no ring)
MPRegen 0.08/turn               (no ring)

@: no status effects
A: horns 2, retaliatory headbutt
a: Renounce Religion, Wall of Briars


You were on level 3 of the Dungeon.
You worshipped Fedhas.
Fedhas was pleased with you.
You visited 1 branch of the dungeon, and saw 3 of its levels.

You collected 152 gold pieces.

Inventory:

Hand Weapons
 a - a +0 war axe (weapon)
Armour
 b - a +0 scale mail
 c - a +0 buckler (worn)
 o - a +0 plate armour
Jewellery
 j - an amulet of faith (around neck)
Scrolls
 g - a scroll of torment {unknown}
 i - 4 scrolls of identify {unknown}
 k - 2 scrolls of immolation {unknown}
 l - a scroll of enchant armour {unknown}
 m - a scroll of amnesia {unknown}
 n - a scroll of enchant weapon {unknown}
 p - a scroll of poison {unknown}
Potions
 d - a potion of might
 e - a potion of degeneration {unknown}
 f - a potion of heal wounds {unknown}
 h - a potion of invisibility {unknown}


   Skills:
 + Level 4.0 Fighting
 + Level 4.0 Axes
 + Level 4.2 Armour
 + Level 0.1 Dodging
 + Level 4.8 Shields


You had 3 spell levels left.
You didn't know any spells.
Your spell library was empty.

Dungeon Overview and Level Annotations

Branches:
Dungeon (3/15)

Altars:
Fedhas
Sif Muna
Yredelemnul

Annotations:
D:3 Crazy Yiuf


Innate Abilities, Weirdness & Mutations

You have a pair of horns on your head.
You reflexively headbutt those who attack you in melee.


Message History

You miss the adder. You block the adder's attack.
You miss the adder. The adder bites you. x2
You barely miss the adder. You block the adder's attack. x2
You miss the adder. Your headbutt misses the adder. The adder bites you. x2
You barely miss the adder. You block the adder's attack.
You completely miss the adder. You block the adder's attack.
The adder bites you.
You hit the adder.
The adder is moderately wounded.
You block the adder's attack. The adder closely misses you.
You barely miss the adder.
You headbutt the adder, but do no damage.
The adder is moderately wounded.
The adder closely misses you.
You hit the adder.
The adder is severely wounded.
The adder barely misses you. You block the adder's attack.
You hit the adder.
You kill the adder!
Fedhas appreciates your contribution to the ecosystem.
You see here an adder corpse.
Found a stone staircase leading down.
You walk carefully through the fungus.
Found a hammer.
Found a runed translucent door.
Crazy Yiuf shouts!
Crazy Yiuf yells, "Rot stair Orb Guardian!"
Crazy Yiuf waves his quarterstaff at you.
Crazy Yiuf says, "Snurf mobile return to song!"
You open the door. You slash Crazy Yiuf!
Crazy Yiuf is severely wounded.
Crazy Yiuf zaps a wand.
The puff of flame hits you!
You barely miss Crazy Yiuf.
Crazy Yiuf is severely wounded.
Crazy Yiuf says, "Powder blue mumblescurry!"
Crazy Yiuf hits you with a +2 quarterstaff of chaos!
* * * LOW HITPOINT WARNING * * *
Space warps horribly around you!
You die...
Fedhas appreciates your contribution to the ecosystem.

######## .......#
######.###♣♣♣♣♣
#.##.P.♣.♣♣♣ ###
####^...P..♣..♣#...#
..........PP♣♣♣♣@g...#
######..#..♣♣ ♣♣#..)#
#.###♣♣ ### #.# #..
#.. ##


You could see Crazy Yiuf.

Vanquished Creatures
  5 adders
  2 dart slugs
  An orc (D:3)
  5 endoplasms
  5 goblins (D:1)
  5 hobgoblins
  7 jackals (D:2)
  2 quokkas
  5 bats
  4 frilled lizards
  6 kobolds
  7 rats
54 creatures vanquished.

Notes
Turn   | Place    | Note
-------+----------+-------------------------------------------
     0 | D:1      | n00bmints the Minotaur Fighter began the quest for the Orb.
     0 | D:1      | Reached XP level 1. HP: 19/19 MP: 0/0
   170 | D:1      | Reached XP level 2. HP: 27/27 MP: 1/1
   574 | D:1      | Found a faded altar of an unknown god.
   598 | D:1      | Prayed at the altar of an unknown god.
   598 | D:1      | Became a worshipper of Fedhas Madash
   598 | D:1      | Reached * piety under Fedhas
   692 | D:2      | Reached XP level 3. HP: 27/33 MP: 2/2
  1045 | D:2      | Reached ** piety under Fedhas
  1059 | D:2      | Reached XP level 4. HP: 40/40 MP: 3/3
  1463 | D:3      | Found a basalt altar of Yredelemnul.
  1542 | D:3      | Found a shimmering blue altar of Sif Muna.
  1648 | D:3      | Found a runed translucent door.
  1649 | D:3      | Noticed Crazy Yiuf
  1654 | D:3      | Slain by Crazy Yiuf

Illustrated notes

Levels and vault maps discovered:
D:1:      roderic_octagonal_star, layout_loops_cross,
          ebering_ecumenical_altar_mist
D:2:      layout_loops_corners, grunt_ministairs_9
D:3:      layout_loops_ring, mainiacjoe_overflow_surrounded_room,
          nicolae_overflow_hidden_temple, serial_shops,
          nicolae_shop_bloodbath_and_beyond, uniq_crazy_yiuf_cottage, uniq_ijyb

Skill      XL: |  1  2  3  4 |
---------------+-------------+-----
Shields        | 4 |  4.8
Armour         | 4 |  4.2
Axes           | 3 4 |  4.0
Fighting       | 4 |  4.0
Dodging        | |  0.1

Action                   |  1- 3 |  4- 6 || total
-------------------------+-------+-------++-------
Melee: War axe           |    87 |    33 ||   120
       Headbutt          |    11 |     6 ||    17
Armor: Scale mail        |    53 |     8 ||    61
Dodge: Dodged            |    51 |    15 ||    66
Block: Buckler           |    26 |    17 ||    43
